 Dungeon Crawl Stone Soup version 0.19.1-1-g22dce08 (console) character file.

456 sose the Chiller (level 7, 0/46 HPs)
             Began as a Merfolk Ice Elementalist on Dec 30, 2016.
             Was an Initiate of Ashenzari.
             Slain by a water moccasin zombie (8 damage)
             ... on level 5 of the Dungeon.
             The game lasted 00:17:31 (4773 turns).

sose the Chiller (Merfolk Ice Elementalist)         Turns: 4773, Time: 00:17:32

Health: 0/46       AC:  6    Str:  8    XL:     7   Next: 6%
Magic:  10/11      EV: 13    Int: 16    God:    Ashenzari [......]
Gold:   154        SH:  0    Dex: 15    Spells: 4 memorised, 1 level left

rFire  . . .     SeeInvis .     d - +3 dagger (venom) (curse)
rCold  . . .     Gourm    .     a - +0 robe
rNeg   + . .     Faith    .     (no shield)
rPois  .         Spirit   .     (no helmet)
rElec  .         Reflect  .     E - +0 cloak
rCorr  +         Harm     .     o - +2 pair of gloves
MR     .....                    (no boots)
Stlth  ++........               (no amulet)
                                e - ring of positive energy
                                j - ring of resist corrosion

@: no status effects
A: change form in water, swift swim, stealthy swim
a: Curse Item, Renounce Religion


You were on level 5 of the Dungeon.
You worshipped Ashenzari.
Ashenzari was noncommittal.
You were not hungry.

You visited 1 branch of the dungeon, and saw 5 of its levels.

You collected 154 gold pieces.

Inventory:

Hand Weapons
 d - a cursed +3 dagger of venom (weapon)
 l - a +0 hunting sling
 m - a +0 whip
 s - a +2 mace of protection
 C - a +4 antimagic dagger
Missiles
 k - 2 throwing nets (quivered)
Armour
 a - a +0 robe (worn)
 o - a +2 pair of gloves (worn)
 E - a +0 cloak (worn)
Jewellery
 e - a ring of positive energy (right hand)
 i - an uncursed amulet of guardian spirit
 j - a ring of resist corrosion (left hand)
 D - a cursed amulet of rage
Wands
 y - a wand of iceblast (5/15)
 A - a wand of flame (27/48)
Scrolls
 g - a scroll of blinking {unknown}
 p - 2 scrolls of magic mapping {unknown}
 q - a scroll of fear {unknown}
 r - a scroll of teleportation {unknown}
 u - a scroll of immolation {unknown}
 w - a scroll of amnesia
 x - 2 scrolls of enchant weapon {unknown}
 B - a scroll of identify
Potions
 h - 2 potions of brilliance
 t - a potion of mutation {unknown}
 v - a potion of flight {unknown}
 z - a potion of cure mutation {unknown}
Books
 b - a book of Frost

   Spells                             Type                      Level
   a - Freeze                         Ice                          1
   b - Throw Frost                    Conjuration/Ice              2
   c - Ozocubu's Armour               Charms/Ice                   3
   d - Throw Icicle                   Conjuration/Ice              4
   e - Summon Ice Beast               Ice/Summoning                4
Comestibles
 c - 3 bread rations
 f - 2 meat rations
 n - 4 fruits


   Skills:
 - Level 2.6 Dodging
 - Level 2.1 Stealth
 + Level 2.6 Spellcasting
 + Level 3.7 Conjurations
 + Level 1.9 Charms
 - Level 6.0 Ice Magic


You had one spell level left.
You knew the following spells:

 Your Spells              Type           Power        Failure   Level  Hunger
a - Freeze                Ice            ###.         1%          1    #......
b - Throw Frost           Conj/Ice       ###...       4%          2    ##.....
c - Ozocubu's Armour      Chrm/Ice       ##......     12%         3    ###....
d - Throw Icicle          Conj/Ice       ###.....     28%         4    #####..


Dungeon Overview and Level Annotations

Branches:
Dungeon (5/15)
 Temple: D:4-7

Altars:
Ashenzari
Kikubaaqudgha
Makhleb
Ru

Annotations:
D:4 sose's ghost, amateur DECj


Message History

Aiming: Freeze
Press: ? - help, Shift-Dir - straight line, f - water moccasin zombie
Aim: a water moccasin zombie (severely damaged)
You freeze the water moccasin zombie.
The water moccasin zombie completely resists.
The water moccasin zombie is severely damaged.
The water moccasin zombie bites you but does no damage.
You hit the water moccasin zombie.
The water moccasin zombie is severely damaged.
The water moccasin zombie completely misses you.
The water moccasin zombie bites you.
You hit the water moccasin zombie.
The water moccasin zombie is almost destroyed.
The water moccasin zombie bites you.
You closely miss the water moccasin zombie.
The water moccasin zombie is almost destroyed.
The water moccasin zombie bites you.
* * * LOW HITPOINT WARNING * * *
The water moccasin zombie bites you!
You die...

#......?.$#..##
#..)..........
#...........#
#..........#
#.......#
#......#
######.# #Z#
#@# #.# #.# #.#
##.# ##..#
##..##
#..#######
#.<.......


You could see a water moccasin zombie.

Vanquished Creatures
  An ogre (D:4)
  A hound (D:4)
  An orc wizard (D:4)
  Ijyb (D:2)
  A worker ant (D:4)
  Terence (D:2)
  Natasha (D:2)
  7 gnolls
  3 adders
  4 worms
  4 dart slugs
  2 leopard geckos
  12 orcs
  3 ball pythons
  7 giant cockroaches
  2 goblins (D:2)
  2 hobgoblins (D:1)
  10 jackals
  7 kobolds
  A quokka (D:3)
  3 bats
  3 frilled lizards
  8 rats
85 creatures vanquished.

Vanquished Creatures (others)
  4 toadstools (D:1)
4 creatures vanquished.

Grand Total: 89 creatures vanquished

Notes
Turn   | Place    | Note
-------+----------+-------------------------------------------
     0 | D:1      | sose the Merfolk Ice Elementalist began the quest for the Orb.
     0 | D:1      | Reached XP level 1. HP: 13/13 MP: 3/3
   252 | D:1      | Reached XP level 2. HP: 11/19 MP: 0/5
   256 | D:1      | Learned a level 2 spell: Throw Frost
   331 | D:1      | Reached skill level 4 in Ice Magic
   383 | D:1      | Reached skill level 1 in Conjurations
   808 | D:1      | Reached XP level 3. HP: 24/24 MP: 1/6
   816 | D:1      | Learned a level 3 spell: Ozocubu's Armour
   867 | D:2      | Noticed Ijyb
   921 | D:2      | Killed Ijyb
   921 | D:2      | Reached XP level 4. HP: 23/30 MP: 0/7
   939 | D:2      | Noticed Terence
  1058 | D:2      | Found a shattered altar of Ashenzari.
  1058 | D:2      | Found a burning altar of Makhleb.
  1062 | D:2      | Became a worshipper of Ashenzari the Shackled
  1208 | D:2      | Killed Terence
  1285 | D:2      | Reached skill level 5 in Ice Magic
  1448 | D:2      | Reached XP level 5. HP: 33/35 MP: 4/8
  1479 | D:2      | Noticed Natasha
  1491 | D:2      | Killed Natasha
  2373 | D:3      | Found a sacrificial altar of Ru.
  2465 | D:3      | Reached XP level 6. HP: 41/41 MP: 5/9
  3331 | D:4      | Noticed sose's ghost (amateur DECj)
  3534 | D:4      | Reached skill level 6 in Ice Magic
  3616 | D:4      | Reached skill level 1 in Charms
  3759 | D:4      | Found an ancient bone altar of Kikubaaqudgha.
  3805 | D:4      | Reached XP level 7. HP: 41/46 MP: 4/11
  3889 | D:3      | Learned a level 4 spell: Throw Icicle
  4741 | D:5      | Entered Level 5 of the Dungeon
  4773 | D:5      | Slain by a water moccasin zombie

Skill      XL: |  1  2  3  4  5  6 |
---------------+-------------------+-----
Ice Magic      | 4 5 6 |  6.0
Conjurations   | 1 2 3 |  3.7
Charms         | 1 |  1.9
Dodging        | |  2.6
Stealth        | |  2.1
Spellcasting   | |  2.6

Action                   |  1- 3 |  4- 6 |  7- 9 || total
-------------------------+-------+-------+-------++-------
Melee: Unarmed           |    15 |       |       ||    15
       Whip              |     3 |       |       ||     3
       Dagger            |       |    50 |    21 ||    71
 Cast: Freeze            |    35 |   125 |     2 ||   162
       Throw Frost       |       |     3 |       ||     3
       Ozocubu's Armour  |       |     1 |     2 ||     3
       Throw Icicle      |       |       |     4 ||     4
Invok: Curse Item        |       |     1 |       ||     1
  Use: Potion            |     1 |       |       ||     1
       Scroll            |       |     4 |       ||     4
 Stab: Sleeping          |     1 |     2 |       ||     3
  Eat: Chunk             |     1 |    11 |     2 ||    14
       Meat ration       |       |       |     1 ||     1
Armor: Robe              |     4 |    26 |     8 ||    38
Dodge: Dodged            |    41 |    93 |    11 ||   145
